 Dungeon Crawl Stone Soup version 0.19.0-11-g3fc08b3 (webtiles) character file.

109537 MDvedh the Severer (level 16, -3/106 HPs)
             Began as a Tengu Berserker on Nov 8, 2016.
             Was a High Priest of Trog.
             Blown up by an orb spider (35 damage)
             ... with an orb of destruction
             ... on level 2 of the Spider Nest.
             The game lasted 00:51:17 (22358 turns).

MDvedh the Severer (Tengu Berserker)               Turns: 22358, Time: 00:51:18

Health: -3/106     AC: 30    Str: 23    XL:     16   Next: 52%
Magic:  17/17      EV: 20    Int:  7    God:    Trog [*****.]
Gold:   1421       SH:  0    Dex: 17    Spells: 0 memorised, 15 levels left

rFire  + + .     SeeInvis .     H - +2 executioner's axe (freeze)
rCold  + . .     Gourm    .     W - +5 plate armour "Quugan" {rElec rPois rCorr Str-5}
rNeg   . . .     Faith    .     (shield currently unavailable)
rPois  +         Spirit   .     L - +2 hat
rElec  +         Reflect  .     p - +1 cloak
rCorr  +         Harm     .     m - +0 pair of gloves
MR     +....                    (boots unavailable)
Stlth  ..........               y - amulet of regeneration
                                A - +5 ring of evasion
                                Z - ring "Powneot" {*Drain rPois rF++ Dex+2 Stlth-}

@: studying Dodging
A: beak, horns 1, talons 3, rugged brown scales 1, yellow scales 1, blink, cold
resistance 1, sense surroundings 1, strong 2, able to fly 2
a: Fly, Blink, Berserk, Trog's Hand, Brothers in Arms, Burn Spellbooks, Renounce
Religion


You were on level 2 of the Spider Nest.
You worshipped Trog.
Trog was extremely pleased with you.
You were very hungry.

You visited 4 branches of the dungeon, and saw 25 of its levels.
You also visited: Labyrinth and Ice Cave.

You collected 3277 gold pieces.
You spent 1856 gold pieces at shops.

Inventory:

Hand Weapons
 a - a +0 war axe of flaming
 b - a +3 battleaxe of freezing
 h - a +2 antimagic executioner's axe
 H - a +2 executioner's axe of freezing (weapon)
Armour
 m - a +0 pair of gloves (worn)
 p - a +1 cloak (worn)
 L - a +2 hat (worn)
 W - the +5 plate armour "Quugan" (worn) {rElec rPois rCorr Str-5}
   (You bought it in a shop on level 7 of the Dungeon)

   It affects your strength (-5).
   It insulates you from electricity.
   It protects you from poison.
   It protects you from acid and corrosion.
Jewellery
 f - an uncursed ring of see invisible
 y - an amulet of regeneration (around neck)
 A - a +5 ring of evasion (right hand)
 I - an uncursed ring of positive energy
 O - the ring "Puzxeus" {*Contam rPois rF+ rC- Str+10}
   (You found it in a labyrinth)

   [ring of protection from fire]

   It affects your strength (+10).
   It protects you from fire.
   It makes you vulnerable to cold.
   It protects you from poison.
   It causes magical contamination when unequipped.
 X - the ring "Adiopp" {rElec rF+ rC- MR+ Dex+5}
   (You found it on level 6 of the Lair of Beasts)

   [ring of dexterity]

   It affects your dexterity (+5).
   It protects you from fire.
   It makes you vulnerable to cold.
   It insulates you from electricity.
   It affects your resistance to hostile enchantments.
 Z - the ring "Powneot" (left hand) {*Drain rPois rF++ Dex+2 Stlth-}
   (You found it on level 12 of the Dungeon)

   [ring of loudness]

   It affects your dexterity (+2).
   It greatly protects you from fire.
   It protects you from poison.
   It causes draining when unequipped.
   It makes you less stealthy.
Wands
 d - a wand of digging (7/24)
 v - a wand of slowing (26/48)
 w - a wand of disintegration (22/24)
 C - a wand of acid (4/15)
 E - a wand of heal wounds (6/9)
Scrolls
 e - 2 scrolls of blinking
 i - 3 scrolls of teleportation
 j - 10 scrolls of enchant armour
 k - 2 scrolls of fear
 r - 9 scrolls of remove curse
 s - 4 scrolls of immolation
 G - 7 scrolls of recharging
 T - 2 scrolls of identify
 U - a scroll of fog
Potions
 o - 3 potions of ambrosia
 q - 4 potions of resistance
 z - 2 potions of cure mutation
 D - 4 potions of heal wounds
 K - a potion of magic
 N - 4 potions of agility
 P - 3 potions of haste
 Q - a potion of curing
 S - a potion of might
 V - a potion of cancellation
Books
 n - a manual of Dodging
Comestibles
 c - a bread ration
 g - 10 slices of pizza
 l - 8 meat rations
 u - 5 royal jellies
 B - 4 beef jerkies
 J - 24 fruits


   Skills:
 + Level 12.9 Fighting
 * Level 20.2 Axes
 + Level 13.3 Armour
 + Level 14.4 Dodging


You had 15 spell levels left.
You didn't know any spells.

Dungeon Overview and Level Annotations

Branches:
Dungeon (15/15)            Temple (0/1) D:7            Lair (6/6) D:10
 Shoals (0/4) Lair:2       Spider (2/4) Lair:2        Slime (0/5) Lair:6
    Orc (2/2) D:10            Elf (0/3) Orc:2        Vaults (0/5) D:14
 Depths (0/5) D:15

Altars:
Ashenzari
Dithmenos
Nemelex Xobeh
Okawaru
Qazlal
Sif Muna
Trog
Vehumet

Shops:
D:5 *=}   D:7 [   Orc:2 !}(=([(}(

Annotations:
Lair:2 exclusion: 3 oklob plants


Innate Abilities, Weirdness & Mutations

You have a beak for a mouth.
You have claws for feet.
You can fly continuously.
You have a pair of small horns on your head.
You are partially covered in rugged brown scales. (AC +1, +3% HP)
You are partially covered in yellow scales. (AC +2)
You can translocate small distances at will.
Your flesh is cold resistant. (rC+)
You passively map a small area around you.
Your muscles are very strong. (Str +4)


Message History

You're too confused to move!
You feel better.
Your two-headed ogre goes berserk!
You are feeling very hungry.
The orb spider weaves a glowing orb of energy.
An orb of destruction comes into view.
Your two-headed ogre hits the orb spider with a giant club!!
The orb spider dies!
Trog accepts your kill.
The orb spider begins to weave its threads into a brightly glowing ball.
The orb of destruction hits you!
* * * LOW HITPOINT WARNING * * *
Your two-headed ogre rages.
Your two-headed ogre barely misses the orb spider.
Your two-headed ogre closely misses the orb spider.
The orb spider weaves a glowing orb of energy.
An orb of destruction comes into view.
Your two-headed ogre rages.
The orb of destruction hits you!
You die...

,
.................###......
,
.........#######.##.......
..........# #.#...#....
..#......## .....####..
#####.## ,.#..# ##. ##.##
##.##.. , ,## , ,
#######.##..?... ,
,**#.#...s§§#..##.........
# *
#.....†O.@.##..........,##
##.....††..##...........#.
#........###.............
,
#.....†..##............##
##.......##.....^.....##.
* * #......###...†.......
#.
........##...†.......###.
,
##....#..#...<†......##..
###..^......†.......##..


You could see an orb spider and a friendly two-headed ogre (berserk).

Vanquished Creatures
  Frances (Spider:1)
  A frost giant (D:15)
  An emperor scorpion (Spider:1)
  An entropy weaver (Spider:2)
  The ghost of Chiseanne the Centaur Cataclysm, a journeyman CeVM of Qazlal (D:13)
  The ghost of confidenceinterval the Fighter, a journeyman GrFi of Nemelex Xobeh (D:12)
  A minotaur (Lab)
  Fannar (Lair:3)
  4 hydras
  A rakshasa (D:15)
  2 ice dragons (IceCv)
  The ghost of Wingboner the Nimble, a journeyman TrTm of Cheibriados (D:13)
  2 catoblepae (Lair:6)
  4 centaur warriors
  16 death yaks
  5 orc high priests (Orc:2)
  Urug (D:15)
  A death drake (shapeshifter) (D:14)
  2 unseen horrors
  2 deep elf magi (Orc:2)
  2 hill giants
  8 orc knights (Orc:2)
  Pikel (D:5)
  2 orb spiders
  An orc sorcerer (Orc:1)
  12 wolf spiders
  A wolf spider zombie (D:15)
  A salamander (shapeshifter) (D:14)
  A cyclops (D:15)
  A manticore (D:12)
  7 elephants
  6 gargoyles
  A torpor snail (Lair:2)
  A black mamba (Lair:6)
  2 centaur zombies
  A guardian serpent (D:13)
  2 ice statues (IceCv)
  8 spiny frogs
  5 komodo dragons
  3 rime drakes
  A rime drake (shapeshifter) (D:14)
  8 demonic crawlers
  A kobold demonologist (D:14)
  A yaktaur (D:15)
  A jumping spider (shapeshifter) (D:15)
  7 trolls
  A polar bear (Lair:6)
  6 jumping spiders
  A hornet (Spider:2)
  A minotaur skeleton (Lab)
  A slime creature (Lair:6)
  9 blink frogs
  A dream sheep (shapeshifter) (D:13)
  A meliai zombie (D:15)
  9 dream sheep
  14 hippogriffs
  44 redbacks
  2 shadows
  14 tarantellas
  5 wyverns
  3 fire bats (Lair:5)
  6 basilisks
  44 yaks
  A wraith (D:13)
  4 vampire mosquitoes (D:15)
  A steam dragon (D:8)
  2 wargs (Orc:2)
  A mottled dragon (D:13)
  A swamp worm (shapeshifter) (D:14)
  10 water moccasins
  Duvessa (D:6)
  7 porcupines
  15 ice beasts
  3 black bears
  2 hornet zombies
  3 phantoms
  2 swamp drakes
  4 sky beasts
  A slave (D:5)
  41 orc warriors
  The ghost of scurvy the Skirmisher, an amateur MiFi (D:3)
  3 eyes of draining
  13 ogres
  14 centaurs
  5 wolves (Lair:2)
  6 big kobolds
  11 crocodiles
  20 bullfrogs
  A gnoll sergeant (D:5)
  Dowan (D:6)
  A water moccasin zombie (D:7)
  A wyvern skeleton (D:10)
  8 wights
  A scorpion (D:9)
  A troll skeleton (Lab)
  18 killer bees
  8 crimson imps
  2 quasits
  2 bullfrog zombies
  8 jellies
  28 orc priests
  4 hounds
  27 orc wizards
  A bullfrog skeleton (D:11)
  An iron imp (Orc:2)
  5 centaur skeletons
  5 iguanas
  9 worker ants
  3 ogre skeletons (Lab)
  2 hound skeletons
  3 gnolls (D:5)
  18 adders
  6 shadow imps
  13 white imps
  An ooze (D:1)
  An adder skeleton (D:10)
  An adder zombie (D:8)
  4 worms
  3 dart slugs
  7 leopard geckos
  103 orcs
  A ball python (D:1)
  9 bats
  5 giant cockroaches
  A goblin (D:1)
  2 hobgoblins
  5 jackals
  6 quokkas
  3 frilled lizards
  A jackal skeleton (D:8)
  24 kobolds
  A leopard gecko zombie (D:5)
  A quokka skeleton (D:5)
  A quokka zombie (D:8)
  12 rats
  11 fungi
  A plant (Lair:3)
849 creatures vanquished.

Vanquished Creatures (collateral kills)
  Aizul (Spider:1)
  2 catoblepae (Lair:6)
  A death yak (Lair:6)
  Sonja (Lair:3)
  2 orb spiders
  A wolf spider (Spider:1)
  A basilisk (Lair:6)
  A river rat (Lair:3)
10 creatures vanquished.

Vanquished Creatures (others)
  An unseen horror (D:15)
  2 tarantellas (Spider:2)
  5 fungi
  7 plants
  4 toadstools (D:1)
19 creatures vanquished.

Grand Total: 878 creatures vanquished

Notes
Turn   | Place    | Note
-------+----------+-------------------------------------------
     0 | D:1      | MDvedh the Tengu Berserker began the quest for the Orb.
     0 | D:1      | Reached XP level 1. HP: 14/14 MP: 2/2
    16 | D:1      | Reached skill level 4 in Axes
    16 | D:1      | Reached XP level 2. HP: 14/19 MP: 3/3
   233 | D:1      | Reached XP level 3. HP: 23/23 MP: 4/4
   287 | D:1      | Reached ** piety under Trog
   536 | D:2      | Reached skill level 5 in Axes
   539 | D:2      | Reached XP level 4. HP: 28/28 MP: 5/5
   667 | D:2      | Found a deep blue altar of Sif Muna.
   770 | D:2      | Found a faded altar of an unknown god.
  1034 | D:2      | Noticed a moth of wrath
  1037 | D:2      | Found a bloodstained altar of Trog.
  1074 | D:2      | Reached skill level 6 in Axes
  1135 | D:3      | Gained mutation: You can fly. [Tengu growth]
  1135 | D:3      | Reached XP level 5. HP: 31/32 MP: 6/6
  1674 | D:3      | Found a radiant altar of Vehumet.
  1924 | D:3      | Noticed scurvy's ghost (amateur MiFi)
  2192 | D:3      | Killed scurvy's ghost
  2192 | D:3      | Reached skill level 7 in Axes
  2300 | D:3      | Reached XP level 6. HP: 37/37 MP: 7/7
  2587 | D:4      | HP: 1/55 [ogre/giant club (7)]
  3100 | D:4      | Reached skill level 8 in Axes
  3279 | D:5      | Entered Level 5 of the Dungeon
  3293 | D:5      | Reached XP level 7. HP: 34/41 MP: 8/8
  3379 | D:5      | Reached *** piety under Trog
  3383 | D:5      | Reached skill level 9 in Axes
  3524 | D:5      | Found Loingutt's Jewellery Emporium.
  3544 | D:5      | Found Kezxumil's Assorted Antiques.
  3558 | D:5      | Bought an inky potion for 19 gold pieces
  3628 | D:5      | Found Gyplib's Gadget Emporium.
  3679 | D:5      | Reached skill level 10 in Axes
  3679 | D:5      | Reached XP level 8. HP: 46/46 MP: 9/9
  3775 | D:5      | Found a shattered altar of Ashenzari.
  3775 | D:5      | Found a stormy altar of Qazlal.
  3810 | D:5      | Noticed Pikel
  3819 | D:5      | Killed Pikel
  3819 | D:5      | Reached skill level 11 in Axes
  3957 | D:5      | Reached skill level 12 in Axes
  4015 | D:6      | Reached XP level 9. HP: 50/50 MP: 10/10
  4211 | D:6      | Gained mutation: Scrolls take you a little longer to read. [mutagenic meat]
  4212 | D:6      | Gained mutation: Your muscles are strong. (Str +2) [mutagenic meat]
  4213 | D:6      | Gained mutation: You are partially covered in rugged brown scales. (AC +1, +3% HP) [mutagenic meat]
  4214 | D:6      | Gained mutation: You passively map a small area around you. [mutagenic meat]
  4256 | D:6      | Found a bloodstained altar of Trog.
  4383 | D:6      | Noticed Duvessa
  4384 | D:6      | Noticed Dowan
  4390 | D:6      | Killed Duvessa
  4395 | D:6      | Killed Dowan
  4395 | D:6      | Reached skill level 13 in Axes
  4619 | D:7      | Found a staircase to the Ecumenical Temple.
  4620 | D:7      | Reached **** piety under Trog
  4776 | D:7      | Found a sparkling altar of Nemelex Xobeh.
  4813 | D:7      | Reached skill level 14 in Axes
  5036 | D:7      | Found Inoin's Armour Boutique.
  5077 | D:7      | Gained mutation: You can translocate small distances at will. [mutagenic meat]
  5078 | D:7      | Gained mutation: You are partially covered in yellow scales. (AC +2) [mutagenic meat]
  5079 | D:7      | Lost mutation: Scrolls take you a little longer to read. [mutagenic meat]
  5080 | D:7      | Gained mutation: Your flesh is cold resistant. (rC+) [mutagenic meat]
  5308 | D:8      | Reached XP level 10. HP: 54/57 MP: 11/11
  5331 | D:8      | Received a gift from Trog
  5441 | D:8      | Reached skill level 15 in Axes
  5462 | D:8      | Got a crude whip
  5463 | D:8      | Identified the +9 whip of Agony {venom, MR+ MP+9} (You found it on level 8 of the Dungeon)
  6363 | D:8      | Noticed a three-headed hydra
  6370 | D:8      | Killed a three-headed hydra
  6519 | D:9      | Reached skill level 5 in Fighting
  6594 | D:9      | Found a shadowy altar of Dithmenos.
  6695 | D:9      | Reached skill level 5 in Armour
  6695 | D:9      | Reached skill level 5 in Dodging
  6821 | D:9      | Reached XP level 11. HP: 63/65 MP: 12/12
  6928 | D:10     | Entered Level 10 of the Dungeon
  6938 | D:10     | Reached ***** piety under Trog
  7303 | D:10     | Found a staircase to the Orcish Mines.
  7616 | D:10     | Found a staircase to the Lair.
  7769 | Lair:1   | Entered Level 1 of the Lair of Beasts
  8460 | Lair:2   | Noticed a death yak
  8460 | Lair:2   | Noticed a death yak
  8476 | Lair:1   | Killed a death yak
  8586 | Lair:2   | Received a gift from Trog
  8656 | Lair:2   | Killed a death yak
  8675 | Lair:2   | Reached XP level 12. HP: 61/75 MP: 13/13
  8753 | Lair:2   | Found a hole to the Spider Nest.
  8891 | Lair:2   | Found a staircase to the Shoals.
  9430 | Lair:2   | Found an iron altar of Okawaru.
  9578 | Lair:3   | Noticed Sonja
  9665 | Lair:3   | Noticed Fannar
  9678 | Lair:3   | Killed Fannar
  9891 | Lair:3   | Killed Sonja
 10722 | Lair:4   | Reached skill level 16 in Axes
 10797 | Lair:4   | Noticed a six-headed hydra
 10813 | Lair:4   | Killed a six-headed hydra
 11481 | Lair:5   | Reached XP level 13. HP: 42/82 MP: 14/14
 11717 | Lair:5   | Found a dark tunnel.
 11982 | Lair:6   | Entered Level 6 of the Lair of Beasts
 12156 | Lair:6   | Received a gift from Trog
 12156 | Lair:6   | Reached skill level 10 in Dodging
 12190 | Lair:6   | Reached skill level 10 in Armour
 12230 | Lair:6   | Reached skill level 17 in Axes
 12475 | Lair:6   | Found a staircase to the Slime Pits.
 12574 | Lair:6   | Reached skill level 10 in Fighting
 12933 | Lair:6   | Gained mutation: You can fly continuously. [Tengu growth]
 12933 | Lair:6   | Reached XP level 14. HP: 90/90 MP: 15/15
 13188 | Lair:6   | Got a wavering lead ring
 13569 | Lair:6   | Gained mutation: You have a pair of small horns on your head. [potion of beneficial mutation]
 13570 | Lair:6   | Gained mutation: Your muscles are very strong. (Str +4) [potion of beneficial mutation]
 13577 | Lair:6   | Identified the ring "Adiopp" {rElec rF+ rC- MR+ Dex+5} (You found it on level 6 of the Lair of Beasts)
 13841 | D:11     | Found a frozen archway.
 13937 | IceCv    | Entered an ice cave
 14020 | IceCv    | Reached skill level 18 in Axes
 14389 | Orc:1    | Entered Level 1 of the Orcish Mines
 14524 | Orc:1    | Received a gift from Trog
 14852 | Orc:2    | Entered Level 2 of the Orcish Mines
 14852 | Orc:2    | Found Didonog's Weapon Shoppe.
 14901 | Orc:2    | Received a gift from Trog
 15076 | Orc:2    | Found Pouph's Gadget Shop.
 15561 | Orc:2    | Found Ipomo's Distillery.
 15561 | Orc:2    | Found Naaqaan's Jewellery Boutique.
 15562 | Orc:2    | Found Onaukhluo's Gadget Boutique.
 15562 | Orc:2    | Found Zykhlat's Weapon Shop.
 15573 | Orc:2    | Bought an uncursed ring of protection from fire for 350 gold pieces
 15577 | Orc:2    | Bought a potion of heal wounds for 80 gold pieces
 15577 | Orc:2    | Bought a potion of curing for 48 gold pieces
 15577 | Orc:2    | Bought a potion of curing for 48 gold pieces
 15577 | Orc:2    | Bought a potion of might for 64 gold pieces
 15577 | Orc:2    | Bought a potion of cancellation for 128 gold pieces
 15577 | Orc:2    | Bought a potion of heal wounds for 80 gold pieces
 15714 | Orc:2    | Found a staircase to the Elven Halls.
 15822 | Orc:2    | Found Taklaet's Weapon Boutique.
 15826 | Orc:2    | Found Kergh's Antique Armour Shoppe.
 15833 | Orc:2    | Found Usapul's Weapon Boutique.
 15849 | Orc:2    | Bought an encrusted scale mail for 243 gold pieces
 15859 | Orc:2    | Identified the +5 scale mail "Nempem" {Regen+ Dex+6 Slay-6} (You bought it in a shop on level 2 of the Orcish Mines)
 16227 | D:7      | Bought the +5 plate armour "Quugan" {rElec rPois rCorr Str-5} for 796 gold pieces
 16329 | D:11     | Reached XP level 15. HP: 95/97 MP: 16/16
 16501 | D:11     | Received a gift from Trog
 16983 | D:11     | Received a gift from Trog
 17324 | D:12     | Noticed confidenceinterval's ghost (journeyman GrFi)
 17337 | D:12     | Killed confidenceinterval's ghost
 17412 | D:12     | Got a warped pewter ring
 17752 | D:12     | Reached skill level 19 in Axes
 17762 | D:12     | Identified the ring "Powneot" {*Drain rPois rF++ Dex+2 Stlth-} (You found it on level 12 of the Dungeon)
 17979 | D:13     | Noticed Chiseanne's ghost (journeyman CeVM)
 18008 | D:13     | Killed Chiseanne's ghost
 18039 | D:13     | Noticed Wingboner's ghost (journeyman TrTm)
 18057 | D:13     | Killed Wingboner's ghost
 18164 | D:13     | Got a flickering marble ring
 18198 | D:13     | Identified the ring of Rihit {Fire rN+ Int+6 Dex-5 Stlth+} (You found it on level 13 of the Dungeon)
 18417 | D:14     | Found a labyrinth entrance.
 18426 | Lab      | Entered a labyrinth
 18617 | Lab      | Received a gift from Trog
 18710 | Lab      | Got a flickering bronze ring
 18716 | Lab      | Identified the ring "Puzxeus" {*Contam rPois rF+ rC- Str+10} (You found it in a labyrinth)
 19020 | D:14     | Found a gate to the Vaults.
 19029 | D:14     | Reached ****** piety under Trog
 19486 | D:15     | Entered Level 15 of the Dungeon
 19733 | D:15     | Noticed Urug
 19746 | D:15     | Killed Urug
 20120 | D:15     | Found a staircase to the Depths.
 20120 | D:15     | Noticed a frost giant
 20126 | D:15     | Killed a frost giant
 20445 | Spider:1 | Entered Level 1 of the Spider Nest
 20760 | Spider:1 | Reached XP level 16. HP: 105/105 MP: 17/17
 20847 | Spider:1 | Received a gift from Trog
 20985 | Spider:1 | Noticed Frances
 21000 | Spider:1 | Killed Frances
 21004 | Spider:1 | Noticed Aizul
 21049 | Spider:1 | Killed Aizul
 21055 | Spider:1 | Received a gift from Trog
 21485 | Spider:1 | Reached skill level 20 in Axes
 22316 | Spider:2 | Received a gift from Trog
 22358 | Spider:2 | Blown up by an orb spider

Skill      XL: |  1  2  3  4  5  6  7  8  9 10 11 12 13 14 15 16 |
---------------+-------------------------------------------------+-----
Axes           | 4 5 6 7 8 10 12 14 15 16 17 18 19 20 | 20.2
Armour         | 5 8 9 10 11 12 13 | 13.3
Dodging        | 5 8 9 10 12 13 14 | 14.4
Fighting       | 5 7 9 10 11 12 | 12.9

Action                   |  1- 3 |  4- 6 |  7- 9 | 10-12 | 13-15 | 16-18 || total
-------------------------+-------+-------+-------+-------+-------+-------++-------
Melee: Hand axe          |    72 |   152 |   243 |   758 |   273 |       ||  1498
       Peck              |     9 |    30 |    52 |   210 |   341 |    53 ||   695
       Kick              |    10 |    45 |    82 |   315 |   462 |    65 ||   979
       Whip              |       |       |       |    22 |     9 |       ||    31
       Battleaxe         |       |       |       |       |   901 |    70 ||   971
       Headbutt          |       |       |       |       |   219 |    53 ||   272
       War axe           |       |       |       |       |     5 |       ||     5
       Executioner's axe |       |       |       |       |       |   140 ||   140
Invok: Berserk           |     2 |     3 |     4 |     6 |     6 |     2 ||    23
       Burn Spellbooks   |       |       |     2 |       |     5 |     1 ||     8
       Trog's Hand       |       |       |     1 |     3 |     7 |     3 ||    14
       Brothers in Arms  |       |       |       |     1 |     4 |     2 ||     7
Evoke: Wand              |       |       |       |     5 |       |       ||     5
  Use: Scroll            |       |       |    16 |     7 |    17 |     1 ||    41
       Potion            |       |       |       |     1 |     4 |     1 ||     6
  Eat: Chunk             |       |     7 |    15 |     8 |    23 |     1 ||    54
       Bread ration      |       |     1 |     2 |     4 |     4 |     1 ||    12
Armor: Animal skin       |     2 |       |       |       |       |       ||     2
       Plate armour      |    51 |    82 |    86 |   284 |   409 |   154 ||  1066
Dodge: Dodged            |    22 |    51 |    99 |   351 |   818 |   280 ||  1621
